 Dungeon Crawl Stone Soup version 0.29-a0-344-ge2f44be95a (webtiles) character file.

Game seed: 7916602298578415766

231 Ijustatesigmund the Magician (level 5, 0/42 HPs)
             Began as a Deep Elf Conjurer on Apr 21, 2022.
             Slain by an orc
             ... wielding a +0 club
              (5 damage)
             ... on level 4 of the Dungeon.
             The game lasted 00:08:33 (4322 turns).

Ijustatesigmund the Magician (Deep Elf Conjurer)    Turns: 4322, Time: 00:08:34

Health: 0/42       AC:  3    Str:  4    XL:     5   Next: 72%
Magic:  5/15       EV: 12    Int: 25    God:
Gold:   140        SH:  0    Dex: 13    Spells: 10/16 levels left

rFire   . . .      SeeInvis .   a - +1 short sword
rCold   . . .      Faith    .   (no shield)
rNeg    . . .      Spirit   .   c - +0 robe
rPois   .          Reflect  .   e - +0 helmet
rElec   .          Harm     .   (no cloak)
rCorr   .          Rampage  .   (no gloves)
Will    .....                   (no boots)
Stlth   ..........              r - amulet of the acrobat
HPRegen 0.14/turn               (no ring)
MPRegen 0.14/turn               (no ring)

@: berserking, very slightly contaminated, very quick
A: no striking features
a: no special abilities


You were on level 4 of the Dungeon.
You visited 1 branch of the dungeon, and saw 4 of its levels.

You collected 140 gold pieces.

Inventory:

Hand Weapons
 a - a +1 short sword (weapon)
Missiles
 k - 6 silver boomerangs
Armour
 c - a +0 robe (worn)
 e - a +0 helmet (worn)
 f - an orb of light
Magical Staves
 h - a staff of poison
Jewellery
 g - a ring of fire
 r - an amulet of the acrobat (around neck)
Wands
 j - a wand of paralysis (8)
Potions
 b - a potion of magic
 d - a potion of resistance {unknown}
 i - a potion of attraction {unknown}
 l - a potion of ambrosia {unknown}
 m - a potion of lignification {unknown}
 n - a potion of might {unknown}
 o - 2 potions of cancellation {unknown}
 p - 2 potions of curing {unknown}
 q - 2 potions of berserk rage
 s - a potion of degeneration {unknown}
 t - a potion of haste {unknown}
 v - a potion of flight {unknown}
 w - a potion of mutation {unknown}


   Skills:
 - Level 2.4 Dodging
 - Level 2.4 Stealth
 + Level 6.1 Spellcasting
 - Level 5.2 Conjurations
 + Level 3.1 Earth Magic


You had 10 spell levels left.
You knew the following spells:

 Your Spells              Type           Power      Damage    Failure   Level
a - Magic Dart            Conj           100%       1d8       1%          1
b - Searing Ray           Conj           66%        2d6       1%          2
c - Stone Arrow           Conj/Erth      56%        3d10      4%          3

Your spell library contained the following spells:

 Spells                   Type           Power      Damage    Failure   Level
 Passwall                 Tmut/Erth      12%        N/A       6%          2
 Dazzling Flash           Conj/Hex       40%        N/A       8%          3
 Fulminant Prism          Conj/Hex       10%        3d9       26%         4
 Iskenderun's Mystic Bla  Conj/Tloc      20%        2d6       26%         4
 Summon Lightning Spire   Summ/Air       7%         N/A       58%         4
 Borgnjor's Vile Clutch   Necr/Erth      7%         N/A       71%         5
 Alistair's Intoxication  Tmut/Pois      4%         N/A       90%         5
 Conjure Ball Lightning   Conj/Air       10%        3x3d6     98%         6
 Eringya's Noxious Bog    Tmut/Pois      3%         N/A       100%        6
 Storm Form               Tmut/Air       3%         N/A       100%        7
 Maxwell's Capacitive Co  Air            3%         ∞         100%        8


Dungeon Overview and Level Annotations

Branches:
Dungeon (4/15)
 Temple: D:4-7

Altars:

Portals:
Ossuary: D:4

Annotations:
D:2 Robin


Message History

The endoplasm quivers.
You hear the slow hiss of an avalanche of sand nearby.
Found 11 gold pieces.
Found a mace.
You see here a +0 mace.
You open the door.
An orc skeleton comes into view.
There is an open door here.
The helpless orc skeleton fails to defend itself.
You puncture the orc skeleton!
You destroy the orc skeleton!
Casting: Searing Ray (safe; 1% risk of failure)
Confirm with . or Enter, or press ? or * to list all spells.
Aiming: Stone Arrow (dangerous; 4% risk of failure)
Press: ? - help, Shift-Dir - straight line, f - endoplasm
Aim: an endoplasm (98% to hit)
The stone arrow hits the endoplasm!
You kill the endoplasm!
You open the door.
There is an open door here.
The orc attacks as you move away! The orc completely misses you.
You open the door.
A human skeleton comes into view.
The orc hits you with a +0 club.
Found a sand-covered staircase.
Casting: Stone Arrow (dangerous; 4% risk of failure)
Confirm with . or Enter, or press ? or * to list all spells.
Aiming: Stone Arrow (dangerous; 4% risk of failure)
Press: ? - help, Shift-Dir - straight line, f - human skeleton
Aim: a human skeleton (86% to hit)
You miscast Stone Arrow.
You are very lightly contaminated with residual magic.
Nothing appears to happen.
The orc closely misses you. The human skeleton hits you.
* * * LOW HITPOINT WARNING * * *
It was a potion of berserk rage.
A red film seems to cover your vision as you go berserk!
You feel yourself moving faster!
You feel mighty! The ogre barely misses you. The orc hits you with a +0 club.
You die...

##.##....$..,,*
#...#.....,,,,*
#####...#....,,,,,*
...O.o..#..#********
#####..J#..#,*,*,+,*
#......#+#+#+#**
######O#,+...+,*
#.###.O.###
#o#.'.o@Z∩#
#)#.#+#+###
#J#.#,*,+,*
#.#O#****** #...#
#####


You could see an ogre, an orc and a human skeleton.

Vanquished Creatures
  An orc priest (D:4)
  An orc wizard (D:4)
  4 gnolls (D:3)
  3 adders
  An ufetubus (D:4)
  2 adder skeletons (D:2)
  An adder zombie (D:2)
  4 dart slugs
  6 orcs
  5 bats
  7 endoplasms
  4 giant cockroaches
  9 hobgoblins
  5 quokkas
  7 ball pythons
  A ball python skeleton (D:2)
  3 frilled lizards (D:2)
  11 goblins
  5 kobolds
  An orc skeleton (D:4)
  A quokka skeleton (D:2)
  4 rats
86 creatures vanquished.

Vanquished Creatures (others)
  3 plants (D:1)
3 creatures vanquished.

Grand Total: 89 creatures vanquished

Notes
Turn   | Place    | Note
-------+----------+-------------------------------------------
     0 | D:1      | Ijustatesigmund the Deep Elf Conjurer began the quest for
                  | the Orb.
     0 | D:1      | Reached XP level 1. HP: 10/10 MP: 6/6
   390 | D:1      | Reached XP level 2. HP: 11/15 MP: 1/8
  1334 | D:2      | Reached skill level 4 in Spellcasting
  1490 | D:2      | Reached XP level 3. HP: 19/19 MP: 8/10
  1554 | D:2      | Reached skill level 5 in Conjurations
  1623 | D:1      | Learned a level 2 spell: Searing Ray
  2341 | D:2      | Got the Catalogue of Feathery Clay
  2346 | D:2      | Learned a level 3 spell: Stone Arrow
  2465 | D:2      | Noticed Robin
  2848 | D:2      | Reached XP level 4. HP: 24/24 MP: 8/12
  2933 | D:3      | Reached skill level 1 in Earth Magic
  3046 | D:3      | Reached skill level 5 in Spellcasting
  3457 | D:3      | Reached XP level 5. HP: 28/28 MP: 11/14
  4246 | D:4      | Reached skill level 6 in Spellcasting
  4277 | D:4      | Noticed an ogre
  4320 | D:4      | Found a sand-covered staircase.
  4322 | D:4      | Slain by an orc

Illustrated notes

Levels and vault maps discovered:
D:1:      nicolae_arrival_memento_mori, layout_loops_ring, serial_bayou_pond_c
D:2:      layout_loops_corners, serial_undead, serial_undead_a, serial_undead_d,
          serial_undead_d, serial_undead_f, minmay_fractal_squares_gapless_5,
          uniq_robin
D:3:      minmay_general_purpose_star, layout_loops_ring
D:4:      layout_rooms, nicolae_ossuary_entry_catacombs

Skill      XL: |  1  2  3  4  5 |
---------------+----------------+-----
Spellcasting   | 4 5 6 |  6.1
Conjurations   | 5 |  5.2
Earth Magic    | 2 3 |  3.1
Dodging        | |  2.4
Stealth        | |  2.4

Action                   |  1- 3 |  4- 6 || total
-------------------------+-------+-------++-------
Melee: Short sword       |       |     1 ||     1
 Cast: Magic Dart        |    93 |    53 ||   146
       Searing Ray       |     2 |     6 ||     8
       Stone Arrow       |       |     1 ||     1
  Use: Scroll            |       |     7 ||     7
       Potion            |       |     1 ||     1
 Stab: Sleeping          |       |     1 ||     1
Armor: Robe              |     3 |     1 ||     4
Dodge: Dodged            |    14 |    12 ||    26

Table legend: (Time is in decaauts)
 A = Elapsed time spent in this place.
 B = Non-inter-level travel time spent in this place.
 C = Inter-level travel time spent in this place.
 D = Time resting spent in this place.
 E = Time spent auto-exploring this place.
 F = Levels seen in this place.
 G = Mean time per level.
                   A        B        C        D        E       F      G
               +--------+--------+--------+--------+--------+-----+--------+
         Total |   4327 |   4228 |     99 |   1058 |   2586 |   4 | 1081.8 |
       Dungeon |   4327 |   4228 |     99 |   1058 |   2586 |   4 | 1081.8 |
               +--------+--------+--------+--------+--------+-----+--------+

Top non-repeatable levels by time:
     D:2: 1761 daAuts
     D:3: 1305 daAuts
     D:1: 1137 daAuts
     D:4: 123 daAuts
